 Dungeon Crawl Stone Soup version 0.20-a0-1043-gbd57889 (webtiles) character file.

3094 graki42 the Cleaver (level 10, 0/115 HPs)
             Began as a Formicid Fighter on Apr 24, 2017.
             Was an Initiate of the Shining One.
             Slain by a worker ant (5 damage)
             ... on level 9 of the Dungeon on Apr 25, 2017.
             The game lasted 00:24:57 (6139 turns).

graki42 the Cleaver (Formicid Fighter)              Turns: 6139, Time: 00:24:57

Health: 0/115      AC: 25    Str: 23    XL:     10   Next: 13%
Magic:  10/10      EV:  2    Int:  7    God:    the Shining One [......]
Gold:   427        SH: 11    Dex: 10    Spells: 9/9 levels left

rFire    . . .     SeeInvis .   Q - +0 war axe
rCold    . . .     Gourm    .   c - +0 shield
rNeg     + + +     Faith    .   (armour currently unavailable)
rPois    +         Spirit   .   (helmet unavailable)
rElec    .         Reflect  .   (cloak currently unavailable)
rCorr    .         Harm     .   (gloves currently unavailable)
MR       ++...                  (boots currently unavailable)
Stlth    +.........             w - amulet of regeneration
Regen    0.7/turn               l - +3 ring of evasion
MPRegen  0.2/turn               I - ring of protection from magic

@: tree-form, glowing
A: permanent stasis, dig shafts and tunnels, four strong arms, blurry vision 1,
dopey 1, low mp 1
a: Renounce Religion


You were on level 9 of the Dungeon.
You worshipped the Shining One.
The Shining One was noncommittal.
You were hungry.
You were a tree.
You visited 2 branches of the dungeon, and saw 10 of its levels.

You collected 427 gold pieces.

Inventory:

Hand Weapons
 M - a +2 whip of flaming
 Q - a +0 war axe (weapon)
Missiles
 O - 2 throwing nets (quivered)
Armour
 c - a +0 shield (worn)
 q - a +0 pair of gloves (melded)
 t - a +0 plate armour (melded)
Jewellery
 l - a +3 ring of evasion (left branch)
 m - an uncursed amulet of guardian spirit
 w - an amulet of regeneration (around neck)
 H - an uncursed ring of protection from cold
 I - a ring of protection from magic (right branch)
Wands
 a - a wand of iceblast (10/15)
 C - a wand of polymorph (12/24)
 E - a wand of disintegration (12/24)
 J - a wand of flame (19/48)
Scrolls
 b - 3 scrolls of amnesia {unknown}
 g - 2 scrolls of teleportation {unknown}
 h - 3 scrolls of blinking {unknown}
 j - 2 scrolls of immolation {unknown}
 n - 5 scrolls of remove curse
 o - a scroll of magic mapping {unknown}
 p - 7 scrolls of recharging {unknown}
 s - a scroll of noise {unknown}
 u - 5 scrolls of fog {unknown}
 x - a scroll of fear {unknown}
 y - a scroll of enchant armour {unknown}
 K - 2 scrolls of random uselessness {unknown}
Potions
 d - a potion of haste
 e - 7 potions of curing
 i - a potion of heal wounds
 k - a potion of degeneration
 z - a potion of mutation
 A - a potion of magic
 B - a potion of ambrosia
 F - a potion of flight
Books
 L - a book of Changes

   Spells                             Type                      Level
   a - Beastly Appendage              Transmutation                1
   b - Sticks to Snakes               Transmutation                2
   c - Spider Form                    Transmutation/Poison         3
   d - Ice Form                       Ice/Transmutation            4
   e - Blade Hands                    Transmutation                5
Comestibles
 f - 6 bread rations
 r - 3 royal jellies
 G - 4 meat rations


   Skills:
 + Level 6.4 Fighting
 + Level 9.4 Axes
 + Level 5.9 Armour
 + Level 0.5 Dodging
 + Level 1.0 Stealth
 + Level 8.7 Shields
 + Level 0.4 Unarmed Combat
 * Level 2.4 Invocations


You had 9 spell levels left.
You didn't know any spells.

Dungeon Overview and Level Annotations

Branches:
Dungeon (9/15)             Temple (1/1) D:7
   Lair: D:8-11         Orc: D:9-12

Altars:
Ashenzari
Cheibriados
Dithmenos
Elyvilon
Gozag
Hepliaklqana
Kikubaaqudgha
Nemelex Xobeh
Qazlal
Ru
Vehumet
Yredelemnul
Zin
The Shining One

Annotations:
D:8 barbarian's ghost, novice MiBe


Innate Abilities, Weirdness & Mutations

You cannot be hasted, slowed, berserked, paralysed or teleported.
You can dig through walls and to a lower floor.
Your four strong arms can wield two-handed weapons with a shield.
((You have a pair of large antennae on your head. (SInv)))
((You are partially covered in thin metallic scales. (AC +2)))
Scrolls take you a little longer to read.
You are dopey. (Int -2)
((Your flesh is heat resistant. (rF+)))
Your magical capacity is low. (-10% MP)


Message History

The troll bites you but does no damage. The troll claws you but does no damage.
The troll claws you.
* * * LOW HITPOINT WARNING * * *
You barely miss the troll.
The troll is severely wounded.
The troll bites you but does no damage. You block the troll's attack.
The troll claws you but does no damage.
You closely miss the troll.
The troll is severely wounded.
You hit the worker ant but do no damage.
The worker ant bites you.
* * * LOW HITPOINT WARNING * * *
The troll bites you.
* * * LOW HITPOINT WARNING * * *
You block the troll's attack. The troll claws you but does no damage.
The worker ant bites you but does no damage.
You barely miss the troll.
The troll is severely wounded.
You barely miss the worker ant. The worker ant bites you.
You die...

# ##8
##+#(.######
...........#
......T♣...#
......a....#
...........#
...........#
...........#
#######+####


You could see a troll and a worker ant.

Vanquished Creatures
  Pikel (D:7)
  Menkaure (D:7)
  The ghost of DEFE the Ducker, an amateur DEAK of Lugonu (D:3)
  A water moccasin (D:8)
  2 sky beasts (D:5)
  2 ice beasts
  A phantom (D:6)
  An orc warrior (D:6)
  A centaur (D:8)
  2 ogres
  5 bullfrogs
  2 scorpions
  A howler monkey (D:4)
  3 crimson imps
  7 orc priests
  A hound (D:7)
  A bullfrog skeleton (D:6)
  A jelly (D:6)
  3 orc wizards
  2 iguanas
  10 worker ants
  A hound skeleton (D:7)
  A worker ant zombie (D:6)
  Robin (D:2)
  3 gnolls (D:4)
  12 adders
  2 adder skeletons
  A worm (D:3)
  A dart slug (D:1)
  4 leopard geckos
  19 orcs
  8 bats
  6 giant cockroaches
  23 goblins
  9 hobgoblins
  9 jackals
  5 quokkas
  A ball python (D:2)
  5 frilled lizards
  13 kobolds
  A quokka zombie (D:6)
  10 rats
184 creatures vanquished.

Vanquished Creatures (others)
  A crimson imp (D:7)
  A hound (D:7)
2 creatures vanquished.

Grand Total: 186 creatures vanquished

Notes
Turn   | Place    | Note
-------+----------+-------------------------------------------
     0 | D:1      | graki42 the Formicid Fighter began the quest for the Orb.
     0 | D:1      | Reached XP level 1. HP: 18/18 MP: 1/1
    83 | D:1      | Reached XP level 2. HP: 19/24 MP: 2/2
   336 | D:1      | Reached XP level 3. HP: 27/29 MP: 3/3
   800 | D:2      | Reached XP level 4. HP: 19/35 MP: 4/4
  1125 | D:2      | Found an opulent altar of Gozag.
  1172 | D:2      | Noticed Robin
  1177 | D:2      | Reached skill level 3 in Axes
  1198 | D:2      | Killed Robin
  1697 | D:2      | Reached XP level 5. HP: 29/42 MP: 5/5
  2024 | D:3      | Reached skill level 5 in Shields
  2162 | D:3      | Noticed DEFE's ghost (amateur DEAK)
  2189 | D:3      | Killed DEFE's ghost
  2189 | D:3      | Reached skill level 4 in Axes
  2189 | D:3      | Reached XP level 6. HP: 34/48 MP: 6/6
  2757 | D:4      | Reached XP level 7. HP: 55/55 MP: 7/7
  2902 | D:4      | Reached skill level 5 in Axes
  3230 | D:5      | Entered Level 5 of the Dungeon
  3359 | D:5      | Reached skill level 5 in Fighting
  3359 | D:5      | Reached XP level 8. HP: 54/62 MP: 8/8
  3363 | D:5      | Gained mutation: Your flesh is heat resistant. (rF+) [mutagenic meat]
  3364 | D:5      | Gained mutation: Your magical capacity is low. (-10% MP) [mutagenic meat]
  3365 | D:5      | Gained mutation: Scrolls take you a little longer to read. [mutagenic meat]
  3366 | D:5      | Gained mutation: You are dopey. (Int -2) [mutagenic meat]
  3367 | D:5      | Gained mutation: You are partially covered in thin metallic scales. (AC +2) [mutagenic meat]
  3455 | D:5      | Reached skill level 6 in Axes
  3926 | D:7      | Noticed Pikel
  3941 | D:7      | Killed Pikel
  3941 | D:7      | Reached skill level 7 in Axes
  3941 | D:7      | Reached skill level 5 in Armour
  3941 | D:7      | Reached XP level 9. HP: 69/69 MP: 8/8
  3958 | D:7      | Reached skill level 1 in Stealth
  4055 | D:7      | Found a staircase to the Ecumenical Temple.
  4062 | Temple   | Entered the Ecumenical Temple
  4566 | D:7      | Noticed Menkaure
  4576 | D:7      | Killed Menkaure
  4576 | D:7      | Reached skill level 8 in Axes
  4658 | D:7      | Found an ancient bone altar of Kikubaaqudgha.
  4900 | D:6      | Found a glowing golden altar of the Shining One.
  4906 | D:6      | Became a worshipper of the Shining One
  5182 | D:6      | Reached skill level 9 in Axes
  5182 | D:6      | Reached skill level 1 in Invocations
  5587 | D:8      | Reached XP level 10. HP: 71/77 MP: 9/9
  5771 | D:8      | Noticed barbarian's ghost (novice MiBe)
  6138 | D:9      | HP: 4/115 [troll (6)]
  6139 | D:9      | Slain by a worker ant

Vault maps used:
D:1:      matt_arrival_grand_opening
D:2:      kennysheep_six_static_rooms, grunt_gozag_statues, uniq_robin
D:3:      first_bread
D:6:      nicolae_tso_swordbearing_angel
D:7:      kiku_gazebo_pond_becter, minmay_temple_entry_metal_lava,
          uniq_menkaure, uniq_pikel
D:8:      gammafunk_temple_overflow_pools, serial_shops, shop_fountains,
          grunt_ogre_cave, minmay_misc_feat_nine_boxes, uniq_psyche
D:9:      minitemple, serial_shops, nicolae_shop_statue_plus,
          serial_bayou_lagoon_a, uniq_joseph, uniq_grum, uniq_gastronok
Temple:   minmay_temple_bridge_abc

Skill      XL: |  1  2  3  4  5  6  7  8  9 10 |
---------------+-------------------------------+-----
Shields        | 4 5 6 7 8 |  8.7
Axes           | 3 4 5 7 9 |  9.4
Fighting       | 4 5 6 |  6.4
Armour         | 4 5 |  5.9
Stealth        | 1 |  1.0
Invocations    | 1 2 |  2.4
Dodging        | |  0.5
Unarmed Combat | |  0.4

Action                   |  1- 3 |  4- 6 |  7- 9 | 10-12 || total
-------------------------+-------+-------+-------+-------++-------
Melee: War axe           |    96 |   256 |   375 |   109 ||   836
       Unarmed           |       |       |     3 |       ||     3
 Abil: Dig               |       |       |     1 |       ||     1
  Use: Scroll            |       |     4 |       |     6 ||    10
       Potion            |       |     1 |       |     5 ||     6
  Eat: Chunk             |       |     7 |    14 |     2 ||    23
Armor: Scale mail        |     9 |       |       |       ||     9
       Chain mail        |    48 |    44 |       |       ||    92
       Plate armour      |       |   105 |   149 |    26 ||   280
       Skin              |       |       |     1 |    26 ||    27
Dodge: Dodged            |    26 |    94 |   124 |    15 ||   259
Block: Shield            |    63 |   167 |   200 |    50 ||   480
